Map: [ESL] Hard Lead

Players

Stats - Winner!

  • Race: Protoss Protoss
  • League: Master
  • Spawn Location: 11:00

NightMare

  • Race: Protoss Protoss
  • League: Master
  • Spawn Location: 5:00

VOD

Have the link to the VOD?

Description

Time

  • Played on: Dec. 5, 2023, 5:19 a.m.
  • Length: 15:50
Show
View Real Time Build Order
Export as new Build Order

Stats Protoss - Winner!

Build Orders:  

Get SALT Encoding   

  12  0:00  Probe  
  13  0:12  Probe  
  14  0:18  Pylon  
  14  0:24  Probe (Chrono Boost)  
  15  0:36  Gateway, Probe (Chrono Boost)  
  16  0:44  Probe (Chrono Boost)  
  16  0:46  Assimilator  
  17  0:51  Probe  
  17  0:54  Assimilator  
  18  1:03  Probe (Chrono Boost)  
  19  1:08  Gateway  
  19  1:14  Probe (Chrono Boost)  
  20  1:18  Probe (Chrono Boost)  
  20  1:25  Cybernetics Core  
  21  1:29  Probe  
  22  1:35  Pylon  
  22  1:41  Probe  
  23  1:53  Probe  
  24  2:02  Adept x2, Warp Gate  
  28  2:12  Pylon  
  28  2:25  Robotics Facility  
  28  2:32  Stalker x2  
  32  3:00  Shield Battery  
  32  3:05  Sentry  
  36  3:11  Probe  
  39  3:14  Immortal (Chrono Boost)  
  39  3:17  Pylon  
  39  3:28  Nexus  
  39  3:43  Warp Prism (Chrono Boost)  
  41  3:55  Sentry  
  41  3:56  Sentry  
  41  3:58  Probe  
  46  4:04  Pylon  
  46  4:10  Probe  
  47  4:23  Adept x2  
  52  4:26  Observer, Probe (Chrono Boost)  
  53  4:52  Warp Prism (Chrono Boost)  
  51  4:53  Stalker x2  
  55  5:00  Probe x2  
  57  5:08  Twilight Council  
  57  5:12  Probe x2  
  55  5:24  Stalker x2  
  57  5:30  Immortal (Chrono Boost)  
  57  5:44  Probe x2  
  57  5:52  Dark Shrine  
  57  5:56  Probe x2  
  59  6:01  Adept x2  
  63  6:08  Assimilator, Probe x2  
  65  6:19  Observer  
  65  6:20  Probe  
  65  6:21  Pylon  
  65  6:22  Pylon  
  65  6:23  Adept  
  69  6:28  Adept  
  70  6:45  Immortal  
  74  6:48  Adept x2  
  74  6:50  Probe x2  
  74  6:53  Assimilator  
  80  7:00  Pylon  
  80  7:02  Pylon  
  80  7:06  Probe x2  
  80  7:08  Pylon  
  82  7:10  Shield Battery  
  82  7:11  Dark Templar x2  
  86  7:31  Blink (Chrono Boost)  
  86  7:44  Stalker x2  
  90  7:45  Nexus  
  90  7:47  Forge, Pylon  
  90  7:48  Probe x2  
  90  8:00  Probe x2  
  88  8:12  Probe x2  
  88  8:13  Stalker x2  
  92  8:24  Shield Battery  
  92  8:25  Gateway  
  92  8:26  Gateway  
  92  8:27  Gateway  
  92  8:29  Gateway  
  92  8:37  Dark Templar  
  92  8:40  Sentry  
  92  8:50  Pylon  
  88  8:58  Immortal  
  83  9:03  Probe x2  
  83  9:04  Probe  
  81  9:16  Pylon  
  80  9:30  Stalker x3  
  84  9:37  Immortal (Chrono Boost)  
  82  9:43  Probe x2  
  80  9:49  Pylon  
  80  9:52  Observer, Probe  
  81  9:55  Dark Templar  
  83  10:00  Stalker x4  
  83  10:04  Probe x3  
  94  10:19  Stalker  
  96  10:22  Probe x3  
  91  10:36  Stalker x5  
  98  10:48  Probe  
  98  10:49  Probe x2  
  101  10:55  Stalker  
  102  10:57  Pylon  
  102  10:58  Pylon  
  102  11:00  Gateway  
  103  11:07  Observer  
  101  11:26  Stalker x6  
  109  11:33  Protoss Ground Weapons Level 1 (Chrono Boost)  
  107  11:51  Stalker  
  107  11:52  Stalker x5  
  113  11:58  Stalker x3  
  113  11:59  Stalker x2  
  113  12:00  Immortal (Chrono Boost)  
  92  12:12  Probe x3  
  85  12:24  Stalker x2  
  85  12:25  Stalker x4  
  85  12:29  Nexus  
  97  12:30  Sentry  
  97  12:31  Pylon  
  97  12:34  Charge  
  97  12:35  Immortal (Chrono Boost)  
  103  12:40  Pylon  
  103  12:48  Pylon  
  103  12:56  Templar Archives  
  103  12:58  Immortal (Chrono Boost)  
  103  13:03  Probe x3  
  103  13:04  Shield Battery  
  110  13:09  Protoss Ground Weapons Level 2 (Chrono Boost)  
  110  13:22  Zealot x6  
  110  13:23  Zealot  
  123  13:31  Immortal  
  101  14:07  Colossus (Chrono Boost)  
  101  14:09  Zealot x7  
  115  14:10  Warp Prism (Chrono Boost)  
  115  14:12  Gateway  
  115  14:16  Gateway  
  117  14:18  Gateway  
  117  14:19  Gateway  
  105  14:45  High Templar x3  
  99  14:46  Stalker, High Templar x3  
  99  14:49  Archon  
  99  14:50  Archon  
  99  14:51  Archon  
  111  15:00  Photon Cannon  
  111  15:03  Gateway, Photon Cannon  
  111  15:04  Photon Cannon  
  111  15:08  Immortal  
  111  15:10  Zealot x3  
  121  15:14  High Templar x2  
  121  15:16  Nexus  
  121  15:18  Archon, Pylon  
  121  15:20  Zealot x6  
  129  15:41  Stalker x6  
  129  15:42  Zealot x3  
Show
View Real Time Build Order
Export as new Build Order

NightMare Protoss 

Build Orders: 1 Gate Expand 

Get SALT Encoding   

  12  0:00  Probe  
  13  0:12  Probe  
  14  0:20  Pylon  
  14  0:24  Probe  
  15  0:38  Probe (Chrono Boost)  
  15  0:40  Gateway  
  16  0:48  Probe (Chrono Boost)  
  17  0:50  Assimilator  
  17  0:53  Probe (Chrono Boost)  
  18  1:04  Probe  
  19  1:16  Probe  
  20  1:26  Pylon  
  20  1:32  Nexus  
  20  1:40  Cybernetics Core  
  20  1:43  Probe  
  21  1:55  Probe  
  21  1:58  Gateway  
  22  2:07  Probe  
  23  2:14  Stalker (Chrono Boost), Warp Gate (Chrono Boost)  
  23  2:19  Probe  
  23  2:22  Shield Battery  
  26  2:30  Pylon  
  26  2:31  Probe  
  23  2:37  Stalker (Chrono Boost)  
  29  2:45  Shield Battery  
  29  2:52  Probe x2  
  31  3:00  Shield Battery  
  31  3:04  Probe  
  31  3:05  Probe  
  32  3:08  Stalker  
  34  3:15  Gateway  
  34  3:21  Shield Battery  
  34  3:26  Probe x2  
  36  3:28  Assimilator  
  36  3:36  Pylon  
  36  3:38  Probe x2  
  38  3:47  Shield Battery  
  38  3:52  Probe x2  
  40  3:58  Stalker x2, Twilight Council  
  44  4:04  Probe x2  
  46  4:10  Stalker, Pylon  
  46  4:16  Probe x2  
  50  4:24  Stalker x2  
  50  4:27  Assimilator, Pylon  
  50  4:28  Probe x2  
  54  4:47  Stalker x2  
  54  4:52  Shield Battery  
  52  4:55  Stalker  
  54  5:05  Cybernetics Core  
  54  5:06  Shield Battery x2  
  52  5:11  Adept x2  
  56  5:18  Probe x2  
  52  5:21  Stalker  
  52  5:30  Probe x2  
  52  5:33  Gateway  
  52  5:35  Zealot x2, Gateway  
  58  5:38  Blink (Chrono Boost)  
  58  5:42  Probe x2  
  56  5:45  Stalker  
  58  5:59  Stalker x2  
  58  6:02  Pylon  
  58  6:03  Stalker  
  64  6:11  Assimilator  
  64  6:16  Probe x2  
  66  6:19  Stalker  
  66  6:20  Stalker, Pylon  
  70  6:30  Pylon  
  70  6:34  Stalker x2  
  70  6:37  Adept  
  76  6:45  Stalker x2  
  80  6:55  Robotics Facility  
  80  6:57  Pylon  
  80  7:01  Adept x3  
  86  7:09  Stalker  
  86  7:13  Gateway  
  86  7:24  Stalker x3  
  80  7:44  Probe x2  
  80  7:46  Observer (Chrono Boost)  
  78  7:56  Probe x2  
  70  8:09  Observer (Chrono Boost)  
  70  8:10  Probe x2  
  71  8:22  Stalker x3, Probe x2  
  79  8:32  Stalker  
  82  8:34  Probe x2  
  83  8:46  Probe x2  
  79  8:58  Stalker x4  
  79  9:00  Probe  
  80  9:05  Observer  
  78  9:18  Probe x2  
  76  9:25  Stalker x3  
  76  9:30  Probe x2  
  70  9:40  Observer  
  70  9:41  Stalker x2  
  70  9:45  Gateway  
  70  9:51  Observer  
  70  9:53  Nexus  
  70  10:02  Adept x2  
  70  10:04  Stalker x2  
  78  10:14  Observer (Chrono Boost)  
  78  10:20  Stalker  
  72  10:42  Stalker x5  
  78  10:46  Stalker  
  76  11:02  Observer (Chrono Boost)  
  77  11:08  Probe (Chrono Boost)  
  77  11:09  Probe x2 (Chrono Boost)  
  80  11:14  Stalker x3  
  80  11:15  Stalker x2  
  86  11:27  Pylon  
  86  11:28  Stalker  
  87  11:43  Stalker x3  
  87  11:45  Stalker  
  87  11:46  Stalker  
  84  11:56  Stalker  
  76  12:05  Observer  
  76  12:07  Stalker x3  
  74  12:09  Stalker  
  74  12:10  Stalker  
  74  12:14  Probe x2 (Chrono Boost)  
  72  12:17  Observer  
  72  12:19  Stalker  
  72  12:21  Probe (Chrono Boost)  
  75  12:25  Probe x2 (Chrono Boost)  
  78  12:32  Stalker  
  78  12:36  Stalker  
  82  12:38  Stalker  
  82  12:39  Stalker  
  82  12:42  Observer  
  82  12:43  Stalker  
  87  12:47  Stalker  
  89  13:03  Adept  
  89  13:04  Adept  
  89  13:05  Stalker x2  
  97  13:06  Stalker  
  97  13:10  Stalker  
  101  13:24  Stalker x4  
  102  13:37  Stalker x2  
  92  13:47  Observer  
  77  13:56  Stalker x4, Observer  
  77  14:01  Stalker x2  
  87  14:09  Gateway  
  87  14:20  Stalker x4  
  77  14:38  Observer  
  77  14:44  Stalker x6, Observer  
  83  14:58  Nexus  
  83  15:05  Stalker  
  85  15:07  Stalker x3  
  85  15:08  Stalker  
  93  15:18  Stalker x2  
  96  15:21  Shield Battery  
  90  15:32  Stalker x2  
Tags
 
Add a new tag
Caveats
  • Supply blocks, unpowered buildings, or Contaminate may cause inaccurate times.
  • Supply counts are checked every 10 seconds.